 Dungeon Crawl Stone Soup version 0.18.1-48-g4cf74bf (webtiles) character file.

44471 Mellonil the Thaumaturge (level 14, 0/86 HPs)
             Began as a Gargoyle Earth Elementalist on Aug 12, 2016.
             Was a High Priest of Vehumet.
             Slain by a giant frog (6 damage)
             ... on level 8 of the Lair of Beasts on Aug 14, 2016.
             The game lasted 03:32:08 (29956 turns).

Mellonil the Thaumaturge (GrEE)                    Turns: 29956, Time: 03:32:09

Health: 0/86       AC: 24    Str: 11    XL:     14   Next: 28%
Magic:  8/30       EV: 14    Int: 26    God:    Vehumet [*****.]
Gold:   1038       SH:  0    Dex: 10    Spells: 5 memorised, 20 levels left

rFire  + + +     SeeInvis .     p - +2 mace (protect)
rCold  . . .     Gourm    .     J - +1 leather armour of Inquiry {rF+++ rCorr Int+4 Slay-4}
rNeg   + . .     Faith    .     (no shield)
rPois  ∞         Spirit   .     (no helmet)
rElec  +         Dismiss  .     (no cloak)
rCorr  +         Reflect  .     V - +1 pair of gloves
SustAt .         Harm     .     C - +1 pair of boots (curse)
MR     +....                    (no amulet)
Stlth  ++........               (no ring)
                                A - ring of wizardry

@: somewhat resistant to hostile enchantments, unstealthy
A: big wings, negative energy resistance 1, electricity resistance, unbreathing,
petrification resistance, rot immunity, AC +9
a: Fly, Renounce Religion


You were on level 8 of the Lair of Beasts.
You worshipped Vehumet.
Vehumet was extremely pleased with you.
You were not hungry.

You visited 2 branches of the dungeon, and saw 17 of its levels.

You collected 1038 gold pieces.

Inventory:

Hand Weapons
 p - a +2 mace of protection (weapon)
 F - a +0 scimitar of flaming
Missiles
 b - 326 stones (quivered)
Armour
 C - a cursed +1 pair of boots (worn)
 G - the +1 robe of Sorcery {rC+ MR+}
   (You found it on level 7 of the Dungeon)

   It protects you from cold.
   It affects your resistance to hostile enchantments.
 J - the +1 leather armour of Inquiry (worn) {rF+++ rCorr Int+4 Slay-4}
   (You took it off a gnoll on level 8 of the Dungeon)

   It affects your intelligence (+4).
   It affects your accuracy and damage with ranged weapons and melee attacks
   (-4).
   It renders you almost immune to fire.
   It protects you from acid and corrosion.
 V - a +1 pair of gloves (worn)
Magical Staves
 y - an uncursed staff of power
 O - an uncursed staff of wizardry
Jewellery
 z - the ring of Fedhas's Vengeance {Ice -Tele MR+ Str+5 Slay+2}
   (You found it on level 7 of the Lair of Beasts)

   [ring of ice]

   It enhances your ice magic, and weakens your fire magic.
   It affects your strength (+5).
   It affects your accuracy and damage with ranged weapons and melee attacks
   (+2).
   It makes you vulnerable to fire.
   It protects you from cold.
   It affects your resistance to hostile enchantments.
   It prevents most forms of teleportation.
 A - a ring of wizardry (left hand)
Wands
 a - a wand of flame (25/48)
 g - a wand of lightning (7/15)
 S - a wand of confusion (29/48)
 T - a wand of lightning (8/15)
Scrolls
 n - 6 scrolls of identify
 o - 3 scrolls of enchant weapon
 w - 8 scrolls of remove curse
 E - a scroll of brand weapon
 H - 3 scrolls of magic mapping
 L - a scroll of enchant armour
 M - 4 scrolls of recharging
 P - 2 scrolls of fog
 Q - 2 scrolls of amnesia
Potions
 e - 6 potions of agility
 h - 2 potions of resistance
 i - a potion of mutation
 j - 2 potions of haste {unknown}
 l - a potion of heal wounds {unknown}
 m - 4 potions of ambrosia
 q - 5 potions of flight {unknown}
 t - 2 potions of curing
 u - 2 potions of berserk rage {unknown}
 v - 3 potions of might {unknown}
 D - a potion of invisibility {unknown}
 I - 2 potions of lignification {unknown}
 K - 3 potions of brilliance {unknown}
 N - 2 potions of degeneration {unknown}
 R - a potion of cure mutation {unknown}
Books
 c - a book of Geomancy

   Spells                             Type                      Level
   a - Sandblast                      Earth                        1
   b - Passwall                       Transmutation/Earth          2
   c - Stone Arrow                    Conjuration/Earth            3
   d - Petrify                        Transmutation/Earth          4
   e - Lee's Rapid Deconstruction     Earth                        5
 B - a book of Fire

   Spells                             Type                      Level
   a - Ignite Poison                  Fire/Transmutation/Poison    3
   b - Fireball                       Conjuration/Fire             5
   c - Bolt of Fire                   Conjuration/Fire             6
   d - Delayed Fireball               Conjuration/Fire             7
   e - Ring of Flames                 Charms/Fire                  7
Miscellaneous
 U - a box of beasts
Comestibles
 d - 7 bread rations
 f - 5 meat rations
 k - 2 beef jerkies
 r - 16 fruits


   Skills:
 + Level 9.2 Fighting
 + Level 8.6 Maces & Flails
 + Level 8.8 Armour
 + Level 7.1 Dodging
 - Level 2.1 Stealth
 * Level 12.1 Spellcasting
 + Level 9.6 Conjurations
   Level 0.7 Transmutations
 + Level 11.5 Earth Magic


You had 20 spell levels left.
You knew the following spells:

 Your Spells              Type           Power        Failure   Level  Hunger
a - Sandblast             Erth           ######       1%          1    None
b - Stone Arrow           Conj/Erth      ######       1%          3    None
c - Lee's Rapid Deconstr  Erth           ######....   1%          5    ###....
d - Conjure Flame         Conj/Fire      #####...     1%          3    None
e - Iskenderun's Battles  Conj/Chrm      #####...     2%          5    ###....


Dungeon Overview and Level Annotations

Branches:
Dungeon (9/15)             Temple (0/1) D:4            Lair (8/8) D:9
  Swamp (0/4) Lair:5       Spider (0/4) Lair:6        Slime (0/6) Lair:6
    Orc (0/2) D:9

Altars:
Cheibriados
Makhleb
Nemelex Xobeh
Okawaru
Pakellas
Qazlal
Sif Muna
Trog
Vehumet
Xom
The Shining One
Jiyva

Annotations:
D:6 Sigmund
Lair:6 1 runed door, exclusion: ice statue
Lair:7 Kirke


Innate Abilities, Weirdness & Mutations

You are resistant to torment.
Your stone body is resilient (AC +9).
You are immune to poison.
Your large and strong wings let you fly indefinitely.
You resist negative energy.
You are resistant to electric shocks.
You can survive without breathing.
You are immune to petrification.
You are immune to rotting.


Message History

The puff of flame misses the vampire mosquito.
Evoking this partially-identified wand wasted a few charges.
The vampire mosquito bites you!
* * * LOW HITPOINT WARNING * * *
The vampire mosquito bites you but does no damage.
Evoke which item? (* to show all) (? for menu, Esc to quit)
Zapping:
g - a wand of lightning {zapped: 3} (will waste charges)
Press: ? - help, Shift-Dir - straight line, f/p - vampire mosquito
Aim: a vampire mosquito (almost destroyed)
You hear a mighty clap of thunder!
The bolt of lightning hits the vampire mosquito.
You destroy the vampire mosquito!
Vehumet accepts your kill.
You feel your power returning.
Evoking this partially-identified wand wasted a few charges.
You start resting.
A yak comes into view.
The yak moves out of view.
You climb downwards.
The giant frog misses you. The giant frog hits you.
You die...

.P≈≈≈≈†...# #........#PP...
≈≈†≈≈≈†...# ####......P....
≈≈≈≈≈≈≈≈..###.....w........
.≈≈≈≈≈≈FP#.#######P........
≈≈≈P≈≈≈≈PP.# ##.........
P≈PP≈≈PP...## #P..P......
≈.≈≈≈≈PP....# ###P.P....P
≈P≈≈≈≈....F.# ### #PP.....#
≈≈.≈≈≈PP..@.###.###PP..P.##
≈≈≈≈..≈≈.....###.###†PP..P#
≈≈...P.÷.....PPP..#.PPPPP##
...≈P.....÷....P......PP..#
.F..÷................P....
.......#...P.#####.}PP....
......P###.### ##PPP#.##
.P..... ### #....## ##....#
.#..##


You could see a blink frog (wandering) and a giant frog.

Vanquished Creatures
  Snorg (Lair:7)
  5 hydras
  Erica (D:8)
  6 death yaks
  A griffon (Lair:5)
  A cyclops (D:9)
  A torpor snail (Lair:7)
  4 black mambas
  19 spiny frogs
  A rime drake (Lair:7)
  A freezing wraith (Lair:6)
  5 komodo dragons
  2 polar bears (Lair:6)
  A giant leech (Lair:8)
  4 jumping spiders (Lair:6)
  17 blink frogs
  2 redbacks (Lair:6)
  3 basilisks
  A hill giant zombie (D:9)
  A wyvern (Lair:6)
  5 hogs
  34 yaks
  9 hippogriffs
  3 hungry ghosts (D:9)
  6 vampire mosquitoes
  15 porcupines
  Duvessa (D:7)
  21 water moccasins
  4 orc warriors
  2 phantoms
  A sky beast (D:9)
  A black bear (D:8)
  5 ice beasts
  A centaur (D:9)
  2 necrophages
  4 ogres
  22 wolves
  11 crocodiles
  A big kobold (D:7)
  30 giant frogs
  A scorpion (D:7)
  Dowan (D:7)
  6 killer bees
  A howler monkey (D:7)
  A centaur zombie (D:8)
  7 crimson imps
  A giant frog zombie (D:8)
  7 hounds
  9 orc priests
  2 centaur skeletons
  9 orc wizards
  5 iguanas
  4 worker ants
  7 sheep
  5 ogre zombies (D:9)
  2 hound skeletons
  A howler monkey skeleton (D:8)
  7 gnolls
  49 river rats
  13 adders
  2 shadow imps
  A white imp (Lair:6)
  2 oozes
  3 adder zombies
  3 adder skeletons
  6 worms
  3 dart slugs
  4 giant geckos
  27 orcs
  4 giant cockroaches
  9 goblins
  3 hobgoblins
  4 jackals
  16 kobolds
  2 quokkas
  A ball python (D:3)
  A ball python skeleton (D:4)
  13 bats
  A giant gecko zombie (D:6)
  4 giant newts
  3 goblin zombies (D:9)
  A hobgoblin skeleton (D:9)
  A hobgoblin zombie (D:9)
  3 orc skeletons (D:9)
  11 orc zombies (D:9)
  A quokka skeleton (D:6)
  16 rats
  A butterfly (Lair:3)
  A plant (Lair:2)
540 creatures vanquished.

Vanquished Creatures (collateral kills)
  An iguana (D:8)
1 creature vanquished.

Vanquished Creatures (others)
  26 fungi
  15 plants
41 creatures vanquished.

Grand Total: 582 creatures vanquished

Notes
Turn   | Place    | Note
--------------------------------------------------------------
     0 | D:1      | Mellonil the Gargoyle Earth Elementalist began the quest for the Orb.
     0 | D:1      | Reached XP level 1. HP: 10/10 MP: 3/3
   271 | D:1      | Reached XP level 2. HP: 15/15 MP: 1/5
  1110 | D:1      | Reached XP level 3. HP: 19/19 MP: 2/7
  1479 | D:2      | Reached skill level 3 in Spellcasting
  1735 | D:2      | Reached XP level 4. HP: 24/24 MP: 6/9
  2130 | D:2      | Found a burning altar of Makhleb.
  2139 | D:2      | Reached skill level 4 in Spellcasting
  2139 | D:2      | Reached XP level 5. HP: 27/28 MP: 3/11
  2351 | D:2      | Found a glowing golden altar of the Shining One.
  2351 | D:2      | Found a bloodstained altar of Trog.
  2371 | D:2      | Found an iron altar of Okawaru.
  2371 | D:2      | Found a radiant altar of Vehumet.
  2434 | D:2      | Became a worshipper of Vehumet
  2520 | D:2      | Found a deep blue altar of Sif Muna.
  3183 | D:3      | Reached skill level 5 in Earth Magic
  3458 | D:3      | Reached * piety under Vehumet
  3458 | D:3      | Offered knowledge of Sting by Vehumet.
  3886 | D:3      | Reached XP level 6. HP: 32/32 MP: 11/13
  3942 | D:3      | Learned a level 3 spell: Stone Arrow
  4631 | D:4      | Reached skill level 5 in Spellcasting
  4631 | D:4      | Reached skill level 1 in Conjurations
  4831 | D:4      | Found a snail-covered altar of Cheibriados.
  5214 | D:4      | Reached XP level 7. HP: 34/36 MP: 10/15
  5530 | D:4      | Found a staircase to the Ecumenical Temple.
  5574 | D:4      | Reached ** piety under Vehumet
  5574 | D:4      | Offered knowledge of Flame Tongue by Vehumet.
  5843 | D:5      | Entered Level 5 of the Dungeon
  6672 | D:5      | Reached skill level 6 in Spellcasting
  7060 | D:5      | Learned a level 5 spell: Lee's Rapid Deconstruction
  7194 | D:6      | Reached XP level 8. HP: 42/42 MP: 9/17
  7595 | D:6      | Noticed Sigmund
  7645 | D:6      | Reached skill level 1 in Fighting
  7742 | D:6      | Reached skill level 1 in Armour
  7934 | D:6      | Reached skill level 1 in Maces & Flails
  8466 | D:7      | Noticed Duvessa
  8466 | D:7      | Noticed Dowan
  8580 | D:7      | Killed Dowan
  8700 | D:7      | Killed Duvessa
  8806 | D:7      | Found a sparkling altar of Nemelex Xobeh.
  8969 | D:7      | Reached skill level 7 in Spellcasting
  8969 | D:7      | Reached XP level 9. HP: 48/49 MP: 10/19
  9282 | D:7      | Found a stormy altar of Qazlal.
  9356 | D:7      | Offered knowledge of Searing Ray by Vehumet.
  9766 | D:7      | Got a colourful robe
  9777 | D:7      | Identified the +1 robe of Sorcery {rC+ MR+} (You found it on level 7 of the Dungeon)
 10500 | D:8      | Noticed Erica
 10524 | D:8      | Killed Erica
 10524 | D:8      | Reached skill level 5 in Conjurations
 10844 | D:8      | Reached *** piety under Vehumet
 10921 | D:8      | Reached XP level 10. HP: 56/56 MP: 14/21
 10952 | D:8      | Reached skill level 8 in Spellcasting
 11109 | D:8      | Got a spiked leather armour
 11152 | D:8      | Found an oddly glowing altar of Pakellas.
 11192 | D:8      | Found a shimmering altar of Xom.
 11243 | D:8      | Offered knowledge of Conjure Flame by Vehumet.
 11248 | D:8      | Learned a level 3 spell: Conjure Flame
 11753 | D:9      | Found a staircase to the Lair.
 11758 | D:9      | Noticed a cyclops
 11980 | D:9      | Killed a cyclops
 12603 | D:9      | Reached **** piety under Vehumet
 12978 | D:9      | Offered knowledge of Olgreb's Toxic Radiance by Vehumet.
 13752 | D:9      | Reached skill level 5 in Fighting
 14270 | D:9      | Found a staircase to the Orcish Mines.
 14321 | D:9      | Reached skill level 5 in Armour
 14381 | D:9      | Reached skill level 9 in Spellcasting
 14524 | D:9      | Reached skill level 5 in Maces & Flails
 14678 | D:9      | Reached XP level 11. HP: 60/64 MP: 15/24
 14790 | Lair:1   | Entered Level 1 of the Lair of Beasts
 15253 | Lair:1   | Noticed an eight-headed hydra
 15296 | Lair:1   | Reached ***** piety under Vehumet
 15449 | Lair:1   | Noticed a five-headed hydra
 15456 | Lair:1   | Killed a five-headed hydra
 15556 | Lair:1   | Offered knowledge of Iskenderun's Battlesphere by Vehumet.
 15771 | Lair:1   | Killed an eight-headed hydra
 16136 | Lair:1   | Reached skill level 5 in Dodging
 17642 | Lair:2   | Learned a level 5 spell: Iskenderun's Battlesphere
 17995 | Lair:2   | Reached skill level 10 in Spellcasting
 17995 | Lair:2   | Reached XP level 12. HP: 71/71 MP: 18/26
 19196 | Lair:3   | Reached skill level 10 in Earth Magic
 20643 | Lair:3   | Identified the +1 leather armour of Inquiry {rF+++ rCorr Int+4 Slay-4} (You took it off a gnoll on level 8 of the Dungeon)
 20916 | Lair:4   | Noticed a six-headed hydra
 20923 | Lair:4   | Killed a six-headed hydra
 21096 | Lair:4   | Offered knowledge of Spellforged Servitor by Vehumet.
 21184 | Lair:4   | Noticed a five-headed hydra
 21187 | Lair:4   | Killed a five-headed hydra
 21828 | Lair:4   | Reached skill level 11 in Spellcasting
 21905 | Lair:5   | Reached XP level 13. HP: 77/77 MP: 25/28
 24153 | Lair:5   | Found a staircase to the Swamp.
 25088 | Lair:6   | Found a hole to the Spider Nest.
 25533 | Lair:6   | Found a runed door.
 25534 | Lair:6   | Found a viscous altar of Jiyva.
 25538 | Lair:6   | Found a staircase to the Slime Pits.
 26635 | Lair:7   | Got a transparent iron ring
 26638 | Lair:7   | Identified the ring of Fedhas's Vengeance {Ice -Tele MR+ Str+5 Slay+2} (You found it on level 7 of the Lair of Beasts)
 27459 | Lair:7   | Noticed Snorg
 27466 | Lair:7   | Killed Snorg
 28103 | Lair:8   | Entered Level 8 of the Lair of Beasts
 28103 | Lair:8   | Noticed Kirke
 28118 | Lair:7   | Gained mutation: Your large and strong wings let you fly indefinitely. [Gargoyle growth]
 28118 | Lair:7   | Reached XP level 14. HP: 72/84 MP: 15/29
 28278 | Lair:7   | Noticed a sphinx
 29060 | Lair:8   | Offered knowledge of Venom Bolt by Vehumet.
 29066 | Lair:7   | Reached skill level 12 in Spellcasting
 29936 | Lair:7   | HP: 1/86 [vampire mosquito (6)]
 29956 | Lair:8   | Slain by a giant frog

Skill      XL: |  1  2  3  4  5  6  7  8  9 10 11 12 13 14 |
---------------+-------------------------------------------+-----
Earth Magic    | 4 5 6 7 8 9 10 11 | 11.5
Spellcasting   | 3 4 5 6 7 9 10 11 12 | 12.1
Conjurations   | 1 3 4 5 6 7 8 9 |  9.6
Fighting       | 2 4 5 6 7 8 9 |  9.2
Armour         | 2 3 5 6 7 8 |  8.8
Dodging        | 2 3 4 5 6 7 |  7.1
Maces & Flails | 2 3 5 6 7 8 |  8.6
Stealth        | |  2.1
Transmutations | |  0.7

Action                   |  1- 3 |  4- 6 |  7- 9 | 10-12 | 13-15 || total
-------------------------+-------+-------+-------+-------+-------++-------
Melee: Mace              |       |       |       |   171 |   334 ||   505
 Cast: Sandblast         |    49 |   178 |   324 |   487 |    26 ||  1064
       Stone Arrow       |       |       |    13 |   291 |   359 ||   663
       Lee's Rapid Decon |       |       |       |     2 |     6 ||     8
       Iskenderun's Batt |       |       |       |     1 |       ||     1
Evoke: Wand              |       |       |     1 |       |     3 ||     4
  Use: Scroll            |     5 |     5 |     8 |     7 |     5 ||    30
       Potion            |       |       |     2 |     2 |     4 ||     8
  Eat: Chunk             |     3 |    10 |    16 |    27 |    19 ||    75
       Pizza             |       |       |     1 |     2 |     1 ||     4
       Fruit             |       |       |       |     4 |     7 ||    11
Armor: Robe              |     6 |    44 |   102 |   342 |       ||   494
       Leather armour    |       |       |       |    15 |   384 ||   399
Dodge: Dodged            |    15 |    66 |   157 |   572 |   514 ||  1324
